 Dungeon Crawl Stone Soup version 0.20.0-10-g0535bb4 (webtiles) character file.

231 mopl the Sneak (level 5, -7/42 HPs)
             Began as a Minotaur Assassin on June 6, 2017.
             Mangled by an ice beast (9 damage)
             ... on level 3 of the Dungeon.
             The game lasted 00:03:57 (2635 turns).

mopl the Sneak (Minotaur Assassin)                  Turns: 2635, Time: 00:03:58

Health: -7/42      AC:  3    Str: 15    XL:     5   Next: 72%
Magic:  4/4        EV: 12    Int:  8    God:
Gold:   147        SH:  2    Dex: 13    Spells: 4/4 levels left

rFire    . . .     SeeInvis .   a - +2 dagger
rCold    . . .     Gourm    .   (no shield)
rNeg     . . .     Faith    .   c - +0 robe
rPois    .         Spirit   .   (helmet restricted)
rElec    .         Reflect  +   d - +0 cloak
rCorr    .         Harm     .   (no gloves)
MR       .....                  (no boots)
Stlth    +++.......             h - +2 amulet of reflection
Regen    0.2/turn               (no ring)
MPRegen  0.1/turn               (no ring)

@: no status effects
A: retaliatory headbutt, horns 2
a: no special abilities


You were on level 3 of the Dungeon.
You were not hungry.

You visited 1 branch of the dungeon, and saw 3 of its levels.

You collected 147 gold pieces.

Inventory:

Hand Weapons
 a - a +2 dagger (weapon)
 b - a +0 blowgun
 s - a +1 hand axe of flaming
Missiles
 e - 27 poisoned needles
 f - 2 curare-tipped needles
 l - 41 stones (quivered)
Armour
 c - a +0 robe (worn)
 d - a +0 cloak (worn)
Jewellery
 h - a +2 amulet of reflection (around neck)
Scrolls
 j - 2 scrolls of identify {unknown}
 m - a scroll of teleportation {unknown}
 o - a scroll of fog {unknown}
 u - a scroll of fear {unknown}
Potions
 i - a potion of heal wounds {unknown}
 k - 2 potions of curing {unknown}
 n - 3 potions of might {unknown}
 p - a potion of mutation {unknown}
 q - a potion of ambrosia {unknown}
Comestibles
 g - 4 bread rations
 r - 3 chunks of flesh
 t - a royal jelly


   Skills:
 - Level 2.4 Fighting
 + Level 3.5 Short Blades
 + Level 3.1 Throwing
 - Level 1.1 Dodging
 * Level 5.2 Stealth


You had 4 spell levels left.
You didn't know any spells.

Dungeon Overview and Level Annotations

Branches:
Dungeon (3/15)

Altars:
Nemelex Xobeh
Trog

Annotations:
D:1 dig


Innate Abilities, Weirdness & Mutations

You reflexively headbutt those who attack you in melee.
You have a pair of horns on your head.


Message History

You hit the ice beast.
The ice beast is almost dead.
You closely miss the ice beast.
The ice beast is almost dead.
The ice beast hits you. The ice beast freezes you!
You hit the ice beast but do no damage. Your headbutt misses the ice beast.
The ice beast is almost dead.
The ice beast barely misses you.
You hit the ice beast but do no damage.
The ice beast is almost dead.
The ice beast hits you.
* * * LOW HITPOINT WARNING * * *
The ice beast freezes you.
* * * LOW HITPOINT WARNING * * *
You hit the ice beast but do no damage.
The ice beast is almost dead.
The ice beast hits you.
* * * LOW HITPOINT WARNING * * *
The ice beast freezes you!
You die...

..#.# #..........# #### ####.
..#.# #..........# #.
..#.#######[.........# #.
..#..........#.##....#
#######.
..#.##########.##....#
#.......
..#............##....#
#†######
..#.#########..##....# #.#
...[...######..##.)..#####.##
.......)))....SY@..........>#
....##[##.#.#..###(#######.##
....##)##.#.#..# #.# #.######
..#+##.##.#.#.S# #.# #.......
#......##.#.#..# #.# ########
#......#....#..# #.# #
#......#..###..###.# #####
#......#........##.######
#....
#......#........##'##...#
#.###


You could see an ice beast and an adder.

Vanquished Creatures
  An orc wizard (D:3)
  An orc priest (D:3)
  3 adders (D:2)
  4 gnolls (D:2)
  2 worms (D:2)
  2 dart slugs (D:1)
  3 leopard geckos
  11 orcs (D:3)
  2 ball pythons (D:1)
  8 bats
  3 giant cockroaches
  9 goblins
  11 hobgoblins
  2 jackals (D:2)
  2 quokkas
  7 frilled lizards
  7 kobolds
  9 rats
87 creatures vanquished.

Notes
Turn   | Place    | Note
-------+----------+-------------------------------------------
     0 | D:1      | mopl the Minotaur Assassin began the quest for the Orb.
     0 | D:1      | Reached XP level 1. HP: 18/18 MP: 0/0
    34 | D:1      | Reached XP level 2. HP: 11/25 MP: 1/1
   440 | D:1      | Reached XP level 3. HP: 30/30 MP: 2/2
   487 | D:1      | Reached skill level 4 in Stealth
  1135 | D:2      | Reached XP level 4. HP: 36/37 MP: 3/3
  1301 | D:2      | Found a bloodstained altar of Trog.
  1338 | D:2      | Reached skill level 3 in Short Blades
  1743 | D:3      | Reached skill level 5 in Stealth
  1743 | D:3      | Reached XP level 5. HP: 26/42 MP: 4/4
  1937 | D:3      | Reached skill level 3 in Throwing
  1940 | D:3      | Found a sparkling altar of Nemelex Xobeh.
  2595 | D:3      | Noticed an ice beast
  2635 | D:3      | HP: 2/42 [ice beast (1)]
  2635 | D:3      | Mangled by an ice beast

Skill      XL: |  1  2  3  4  5 |
---------------+----------------+-----
Stealth        | 4 5 |  5.2
Short Blades   | 3 |  3.5
Throwing       | 3 |  3.1
Fighting       | |  2.4
Dodging        | |  1.1

Action                   |  1- 3 |  4- 6 || total
-------------------------+-------+-------++-------
Melee: Dagger            |    83 |   103 ||   186
       Headbutt          |     8 |    19 ||    27
 Fire: Blowgun           |       |    43 ||    43
 Stab: Sleeping          |     6 |     7 ||    13
  Eat: Chunk             |     1 |     4 ||     5
Armor: Robe              |    15 |    25 ||    40
Dodge: Dodged            |    40 |    41 ||    81
Block: Other             |     3 |     7 ||    10
